 Dungeon Crawl Stone Soup version 0.32-a0-22-g6ae6769602 (webtiles) character file.

Game seed: 13903294153548138720

1255 vurker the Magician (level 8, 0/59 HPs)
             Began as a Djinni Air Elementalist on Jan 18, 2024.
             Slain by Duvessa
             ... wielding a +0 rapier
              (12 damage)
             ... on level 5 of the Dungeon.
             The game lasted 00:04:17 (4628 turns).

vurker the Magician (Djinni Air Elementalist)       Turns: 4628, Time: 00:04:17

Health: 0/59       AC:  7    Str:  7    XL:     8   Next: 80%
Gold:   189        EV: 12    Int: 18    God:
                   SH:  0    Dex: 15

rFire   + + .        s - staff of earth
rCold   x . .        (no shield)
rNeg    + . .        a - +0 robe
rPois   ∞            l - +2 helmet
rElec   .            q - +1 cloak {Will+}
rCorr   .            (no gloves)
SInv    .            (boots unavailable)
Will    +....        (no amulet)
Stlth   ++           r - ring of positive energy
HPRegen 0.29/turn    (no ring)
MPRegen 0.00/turn

%: infuse magic (-1 HP)
@: flying
A: sickness immunity, fire resistance 2, cold vulnerability 1, float, innate
caster, HP casting, extra vitality 1
a: no special abilities


You were on level 5 of the Dungeon.
You visited 2 branches of the dungeon, and saw 6 of its levels.

You collected 189 gold pieces.

Inventory:

Armour
 a - a +0 robe (worn)
 l - a +2 helmet (worn)
 q - a +1 cloak of willpower (worn)
Magical Staves
 s - a staff of earth (weapon)
Jewellery
 r - a ring of positive energy (left hand)
Scrolls
 b - 7 scrolls of identify {unknown}
 c - a scroll of enchant weapon {unknown}
 d - 2 scrolls of revelation {unknown}
 f - a scroll of enchant armour {unknown}
 j - a scroll of immolation {unknown}
 k - 3 scrolls of fear {unknown}
 m - 2 scrolls of fog {unknown}
 n - 2 scrolls of blinking {unknown}
 o - a scroll of torment {unknown}
 t - a scroll of vulnerability {unknown}
Potions
 e - 2 potions of enlightenment {unknown}
 g - a potion of degeneration {unknown}
 h - a potion of ambrosia {unknown}
 i - a potion of might {unknown}
 p - a potion of heal wounds {unknown}


   Skills:
 + Level 5.3 Fighting
 - Level 2.1 Dodging
 - Level 1.5 Stealth
 * Level 7.2 Spellcasting
 * Level 7.2 Conjurations
 * Level 7.2 Hexes
 * Level 7.2 Summonings
 * Level 7.2 Necromancy
 * Level 7.2 Translocations
 * Level 7.2 Fire Magic
 * Level 7.2 Ice Magic
 * Level 7.2 Air Magic
 * Level 7.2 Earth Magic
 * Level 7.2 Alchemy


You knew the following spells:

 Your Spells              Type           Power      Damage    Failure   Level
a - Shock                 Conj/Air       100%       1d9       1%          1
b - Static Discharge      Conj/Air       64%        3-6/arc   1%          2
c - Airstrike             Air            16%        2d(3-19)  5%          4
d - Swiftness             Air            32%        N/A       1%          3
e - Slow                  Hex            100%       N/A       1%          1
f - Jinxbite              Hex            64%        N/A       1%          2
g - Ensorcelled Hibernat  Hex/Ice        64%        N/A       1%          2
Your spell library was empty.

Dungeon Overview and Level Annotations

Branches:
Dungeon (5/15) Zot: 25374  Temple (1/1) D:5 Zot: 5998

Altars:
Ashenzari
Cheibriados
Elyvilon
Fedhas
Gozag
Hepliaklqana
Nemelex Xobeh
Okawaru
Qazlal
Trog
Xom
Zin
The Shining One

Annotations:
D:5 Duvessa


Innate Abilities, Weirdness & Mutations

You are immune to sickness and miasma.
You are immune to poison.
Your flesh is very heat resistant. (rF++)
You are vulnerable to cold. (rC-)
You float through the air rather than walking.
You learn spells naturally, not from books.
Your magical power is your life essence.
You have superior vitality. (+4 MHP)


Message History

Aiming: Shock (safe; 1% risk of failure)
Press: ? - help, Shift-Dir - straight line The zap hits Duvessa.
The zap hits the ogre!
You kill the ogre!
The zap hits Dowan. x2; Duvessa closely misses you.
You take 1 damage, and have 33/59 hp.
Casting: Shock (safe; 1% risk of failure)
Aiming: Shock (safe; 1% risk of failure)
Press: ? - help, Shift-Dir - straight line The zap hits Duvessa!
The zap hits Dowan.
You kill Dowan!
Duvessa screams in rage.
Duvessa goes berserk!
Duvessa barely misses you.
Casting: Shock (safe; 1% risk of failure)
Aiming: Airstrike (dangerous; 5% risk of failure)
Press: ? - help, Dir - move target, f - Duvessa
Aim: Duvessa, wielding a +0 rapier and wearing a +0 leather armour (heavily wounded, berserk, empty space bonus: 1/8)
The air twists around and strikes Duvessa.
* * * LOW HITPOINT WARNING * * *
Duvessa hits you with a +0 rapier.
* * * LOW HITPOINT WARNING * * *
Duvessa hits you with a +0 rapier.
* * * LOW HITPOINT WARNING * * *
You take 13 damage, and have 20/59 hp.
MASSIVE DAMAGE!!
Casting: Airstrike (dangerous; 5% risk of failure)
Aiming: Airstrike (dangerous; 5% risk of failure)
Press: ? - help, Dir - move target, f/p - Duvessa
Aim: Duvessa, wielding a +0 rapier and wearing a +0 leather armour (heavily wounded, berserk, empty space bonus: 1/8)
The air twists around and strikes Duvessa but does no damage.
* * * LOW HITPOINT WARNING * * *
Duvessa closely misses you.
You take 4 damage, and have 16/59 hp.
Casting: Airstrike (dangerous; 5% risk of failure)
Aiming: Airstrike (dangerous; 5% risk of failure)
Press: ? - help, Dir - move target, f/p - Duvessa
Aim: Duvessa, wielding a +0 rapier and wearing a +0 leather armour (heavily wounded, berserk, empty space bonus: 1/8)
The air twists around and strikes Duvessa.
* * * LOW HITPOINT WARNING * * *
Duvessa closely misses you. Duvessa hits you with a +0 rapier!
You die...

### #.#
#.################
#.................
#.############.###
#@# ..# ~#.#. #e#
...# #b#.#.#
#)###...## #l#.#P.
#...Oe...# #.#.###
#####....#~#~#....
..##.#~##### [.#
b.... .# #### #


You could see Duvessa (berserk).

Vanquished Creatures
  Sigmund (D:3)
  An ogre (D:5)
  A centaur (D:5)
  A phantom (D:5)
  A scorpion (D:4)
  5 wights (D:4)
  Dowan (D:5)
  2 bombardier beetles
  2 hounds
  Crazy Yiuf (D:3)
  3 sleepcaps
  An iguana (D:5)
  3 orc wizards (D:4)
  3 gnolls (D:2)
  2 adders (D:5)
  3 ribbon worms
  A dart slug (D:2)
  11 orcs
  3 ball pythons
  4 bats
  8 endoplasms
  2 giant cockroaches (D:3)
  6 goblins
  9 hobgoblins
  10 jackals
  5 kobolds
  2 quokkas
  4 rats
96 creatures vanquished.

Notes
Turn   | Place    | Note
-------+----------+-------------------------------------------
     0 | D:1      | vurker the Djinni Air Elementalist began the quest for the
                  | Orb.
     0 | D:1      | vurker set off with the following spells memorised: Shock,
                  | Static Discharge, Swiftness, Airstrike.
     0 | D:1      | Reached XP level 1. HP: 15/15 MP: 0/0
   247 | D:1      | Reached XP level 2. HP: 19/22 MP: 0/0
   452 | D:1      | Reached skill level 1 in Fighting
   755 | D:2      | Reached XP level 3. HP: 16/27 MP: 0/0
   755 | D:2      | Learned a level 1 spell: Slow
   842 | D:2      | Reached XP level 4. HP: 13/32 MP: 0/0
  1493 | D:3      | Noticed Sigmund
  1499 | D:3      | Killed Sigmund
  1500 | D:3      | Reached XP level 5. HP: 35/40 MP: 0/0
  1500 | D:3      | Learned a level 2 spell: Jinxbite
  1500 | D:3      | Reached XP level 6. HP: 39/45 MP: 0/0
  1755 | D:3      | Found a faded altar of an unknown god.
  1873 | D:3      | Reached skill level 5 in Spellcasting
  1873 | D:3      | Reached skill level 5 in Conjurations
  1873 | D:3      | Reached skill level 5 in Hexes
  1873 | D:3      | Reached skill level 5 in Summonings
  1873 | D:3      | Reached skill level 5 in Necromancy
  1873 | D:3      | Reached skill level 5 in Translocations
  1873 | D:3      | Reached skill level 5 in Fire Magic
  1873 | D:3      | Reached skill level 5 in Ice Magic
  1873 | D:3      | Reached skill level 5 in Air Magic
  1873 | D:3      | Reached skill level 5 in Earth Magic
  1873 | D:3      | Reached skill level 5 in Alchemy
  2338 | D:3      | Found a runed translucent door.
  2339 | D:3      | Noticed Crazy Yiuf
  2490 | D:3      | Killed Crazy Yiuf
  2575 | D:4      | Reached XP level 7. HP: 40/50 MP: 0/0
  2575 | D:4      | Learned a level 2 spell: Ensorcelled Hibernation
  3266 | D:4      | Reached XP level 8. HP: 40/58 MP: 0/0
  3616 | D:5      | Entered Level 5 of the Dungeon
  3754 | D:5      | Found a staircase to the Ecumenical Temple.
  4209 | Temple   | Entered the Ecumenical Temple
  4236 | D:5      | Reached skill level 5 in Fighting
  4613 | D:5      | Noticed Duvessa
  4613 | D:5      | Noticed Dowan
  4625 | D:5      | Killed Dowan
  4628 | D:5      | Slain by Duvessa

Illustrated notes

Levels and vault maps discovered:
D:1:      dpeg_arrival_oval, layout_loops_ring
D:2:      layout_basic, st_stairs_12
D:3:      layout_loops_corners, basic_ecumenical_altar, minmay_statues_item,
          supply_closet_lemuel, uniq_sigmund, uniq_crazy_yiuf_cottage
D:4:      layout_rooms
D:5:      nicolae_BIG_FREAKIN_CUBE, layout_basic, temple_fountains,
          portal_sewer_entry_e, serial_aquarium, aquarium_bridge_square
          [aquarium_subvault_bridge, aquarium_subvault_window,
          aquarium_subvault_wall, aquarium_subvault_bridge], aquarium_window_1,
          aquarium_window_1, aquarium_window_fake, aquarium_window_3,
          aquarium_view_2f, aquarium_view_2d, aquarium_pool_double,
          nrook_mini_vaults, minmay_misc_feat_five, uniq_duvessa
Temple:   dpeg_chambers_temple

Skill      XL: |  1  2  3  4  5  6  7  8 |
---------------+-------------------------+-----
Fighting       | 1 2 3 4 5 |  5.3
Spellcasting   | 4 5 6 7 |  7.2
Conjurations   | 4 5 6 7 |  7.2
Hexes          | 4 5 6 7 |  7.2
Summonings     | 4 5 6 7 |  7.2
Necromancy     | 4 5 6 7 |  7.2
Translocations | 4 5 6 7 |  7.2
Fire Magic     | 4 5 6 7 |  7.2
Ice Magic      | 4 5 6 7 |  7.2
Air Magic      | 4 5 6 7 |  7.2
Earth Magic    | 4 5 6 7 |  7.2
Alchemy        | 4 5 6 7 |  7.2
Dodging        | |  2.1
Stealth        | |  1.5

Action                     |  1- 3 |  4- 6 |  7- 9 || total
---------------------------+-------+-------+-------++-------
   Cast: Shock             |    49 |    75 |    10 ||   134
         Airstrike         |       |     3 |    75 ||    78
 Armour: Robe              |     3 |     3 |    19 ||    25
  Dodge: Dodged            |     5 |     6 |    17 ||    28

Table legend: (Time is in decaauts)
 A = Elapsed time spent in this place.
 B = Non-inter-level travel time spent in this place.
 C = Inter-level travel time spent in this place.
 D = Time resting spent in this place.
 E = Time spent auto-exploring this place.
 F = Levels seen in this place.
 G = Mean time per level.
                   A        B        C        D        E       F      G
               +--------+--------+--------+--------+--------+-----+--------+
         Total |   4626 |   4509 |    117 |      0 |   4084 |   6 |  771.0 |
       Dungeon |   4624 |   4507 |    117 |      0 |   4084 |   5 |  924.8 |
        Temple |      1 |      1 |      0 |      0 |      0 |   1 |    1.0 |
               +--------+--------+--------+--------+--------+-----+--------+

Top non-repeatable levels by time:
     D:3: 1106 daAuts
     D:4: 1070 daAuts
     D:5: 1009 daAuts
     D:2: 723 daAuts
     D:1: 714 daAuts
  Temple: 1 daAuts
